 Dungeon Crawl Stone Soup version 0.29.1-12-g30fa7ad0bf (webtiles) character file.

Game seed: 11345509433644006377

4624 croobank the Conjurer (level 10, 0/76 HPs)
             Began as a Demonspawn Conjurer on Jan 12, 2023.
             Slain by a two-headed ogre
             ... wielding a +0 giant club
              (20 damage)
             ... on level 8 of the Dungeon.
             The game lasted 00:28:52 (11746 turns).

croobank the Conjurer (Demonspawn Conjurer)        Turns: 11746, Time: 00:28:53

Health: 0/76       AC:  9    Str:  8    XL:     10   Next: 19%
Magic:  2/18       EV: 13    Int: 24    God:
Gold:   426        SH:  0    Dex: 11    Spells: 3/20 levels left

rFire   . . .      SeeInvis .   l - staff of conjuration
rCold   . . .      Faith    .   (no shield)
rNeg    . . .      Spirit   .   E - +0 troll leather armour
rPois   .          Reflect  .   (no helmet)
rElec   .          Harm     .   t - +0 cloak
rCorr   .          Rampage  .   (gloves unavailable)
Will    .....                   f - +0 pair of boots
Stlth   +++.......              (no amulet)
HPRegen 1.02/turn               (no ring)
MPRegen 0.16/turn               (no ring)

@: mighty, very slightly contaminated
A: yellow scales 2, foul stench 1, spiny 1, demonic touch 3
a: no special abilities


You were on level 8 of the Dungeon.
You visited 2 branches of the dungeon, and saw 9 of its levels.

You collected 426 gold pieces.

Inventory:

Hand Weapons
 a - a +2 dagger of venom
 b - a +0 whip
 e - a +1 hand axe of electrocution
 C - a +5 scimitar of freezing
 F - a +0 war axe
 G - a +4 sling
Missiles
 i - 2 throwing nets
 q - 7 boomerangs
Armour
 c - a +3 leather armour
 f - a +0 pair of boots (worn)
 t - a +0 cloak (worn)
 E - a +0 troll leather armour (worn)
 I - +0 steam dragon scales
Magical Staves
 l - a staff of conjuration (weapon)
Jewellery
 z - a ring of ice
Wands
 u - a wand of mindburst (23)
 x - a wand of flame (47)
 A - a wand of charming (3)
Scrolls
 d - a scroll of immolation
 g - a scroll of fog
 m - a scroll of noise {unknown}
 o - a scroll of magic mapping
 w - 4 scrolls of amnesia
 H - 2 scrolls of teleportation
 J - a scroll of vulnerability
Potions
 h - 2 potions of haste
 j - a potion of lignification
 k - 2 potions of flight
 n - 3 potions of curing
 r - a potion of might
 v - a potion of berserk rage
 B - a potion of invisibility
 D - a potion of magic


   Skills:
 + Level 5.9 Fighting
 + Level 5.7 Dodging
 + Level 6.2 Stealth
 + Level 5.9 Spellcasting
 + Level 7.3 Conjurations
 - Level 5.0 Hexes
 + Level 3.0 Translocations


You had 3 spell levels left.
You knew the following spells:

 Your Spells              Type           Power      Damage    Failure   Level
a - Magic Dart            Conj           100%       1d8       1%          1
b - Searing Ray           Conj           100%       2d8       1%          2
c - Dazzling Flash        Conj/Hex       100%       N/A       2%          3
d - Iskenderun's Mystic   Conj/Tloc      47%        2d10      14%         4
e - Vampiric Draining     Necr           7%         2d6       34%         3
f - Fulminant Prism       Conj/Hex       26%        3d14      10%         4

Your spell library contained the following spells:

 Spells                   Type           Power      Damage    Failure   Level
 Necrotise                Necr           28%        1d5       12%         1
 Agony                    Necr           7%         N/A       97%         5


Dungeon Overview and Level Annotations

Branches:
Dungeon (8/15)             Temple (1/1) D:5
   Lair: D:8-11

Altars:
Ashenzari
Cheibriados
Dithmenos
Fedhas
Kikubaaqudgha
Makhleb
Okawaru
Qazlal
Ru
Sif Muna
Trog
Uskayaw
Vehumet
Xom
Yredelemnul

Annotations:
D:6 3 runed translucent doors, Barsook's ghost, novice DsFi


Innate Abilities, Weirdness & Mutations

You are mostly covered in yellow scales. (AC +3)
You may rarely emit foul miasma when damaged in melee.
You are partially covered in sharp spines.
Your touch may irresistibly damage your foes and sap their willpower.


Message History

Casting: Searing Ray (safe; 1% risk of failure)
Confirm with . or Enter, or press ? or * to list all spells.
Okay, then.
Items here: )) [[ ÷.
There is an open door here.
Okay, then.
A bullfrog comes into view.
Casting: Searing Ray (safe; 1% risk of failure)
Confirm with . or Enter, or press ? or * to list all spells.
Casting: Dazzling Flash (mildly dangerous; 2% risk of failure)
Press: ? - help, Dir - look around, f - activate You feel a surge of power!
You miscast Dazzling Flash.
You are very lightly contaminated with residual magic.
Nothing appears to happen.
Casting: Dazzling Flash (mildly dangerous; 2% risk of failure)
Confirm with . or Enter, or press ? or * to list all spells.
Casting: Dazzling Flash (mildly dangerous; 2% risk of failure)
Press: ? - help, Dir - look around, f - activate You feel a surge of power!
The two-headed ogre is dazzled.
The two-headed ogre is struck by your spines.
The two-headed ogre misses you. The two-headed ogre barely misses you.
Casting: Dazzling Flash (mildly dangerous; 2% risk of failure)
Confirm with . or Enter, or press ? or * to list all spells.
You don't have enough magic to cast this spell.
You feel very mighty all of a sudden. The two-headed ogre barely misses you.
The two-headed ogre hits you with a +0 giant club!
You hit the two-headed ogre! Your touch misses the two-headed ogre.
The two-headed ogre is severely wounded.
You barely miss the two-headed ogre. You punch the two-headed ogre!
The two-headed ogre is almost dead.
The two-headed ogre is no longer blind.
The two-headed ogre is struck by your spines.
The two-headed ogre misses you. The two-headed ogre closely misses you.
You completely miss the two-headed ogre.
The two-headed ogre is almost dead.
The two-headed ogre hits you with a +0 giant club!!
* * * LOW HITPOINT WARNING * * *
The two-headed ogre hits you with a +0 giant club!!
You die...

######## ###......#######
#...##.........########
#.#.#....###.#........#
#.###################.# #.# ♣
#.O@♣ ♣♣.♣♣#.# ..# #.# P
#.♣♣♣♣#♣...♣#.# ..# #.#♣~
#..O..#.#'#.#.###### ..# #.#~♣
#♣♣♣♣.#)#.#.#.)....# ..# #.#~♣
♣#..O..#.#.#.#)####.#
..####.#~♣♣~♣#.♣♣♣♣#)#.#.#)......
.......#~P~≈~♣..O..♣.#.#.#..###.#
.........~.~...♣♣♣...#.#....###.#
.......#♣♣♣~♣♣.....♣.#.#.#..##..#


You could see a two-headed ogre.

Vanquished Creatures
  A troll (D:6)
  Sigmund (D:3)
  Eustachio (D:6)
  6 yaks (D:7)
  A wyvern (D:7)
  A steam dragon (D:7)
  6 orc warriors
  A sky beast (D:6)
  An ogre (D:7)
  2 centaurs (D:7)
  A kobold brigand (D:3)
  A phantom (D:5)
  A gnoll sergeant (D:7)
  A bullfrog (D:8)
  2 necrophages
  2 scorpions
  5 wights (D:5)
  A killer bee (D:8)
  3 howler monkeys
  3 hounds
  A jelly (D:4)
  5 orc priests
  4 gnoll boudas
  3 iguanas (D:5)
  8 orc wizards
  24 gnolls
  6 adders
  2 shadow imps
  2 white imps
  2 ufetubi
  2 worms (D:3)
  4 dart slugs
  44 orcs
  7 ball pythons
  4 bats
  5 endoplasms
  2 giant cockroaches
  12 goblins
  6 hobgoblins
  17 jackals
  9 kobolds
  3 quokkas
  13 frilled lizards
  3 rats
  A spectral orc (D:7)
230 creatures vanquished.

Vanquished Creatures (others)
  5 plants
5 creatures vanquished.

Grand Total: 235 creatures vanquished

Notes
Turn   | Place    | Note
-------+----------+-------------------------------------------
     0 | D:1      | croobank the Demonspawn Conjurer began the quest for the
                  | Orb.
     0 | D:1      | Reached XP level 1. HP: 13/13 MP: 3/3
   520 | D:1      | Gained mutation: Your touch may inflict minor irresistible
                  | damage on your foes. [demonic ancestry]
   520 | D:1      | Reached XP level 2. HP: 19/19 MP: 3/5
   658 | D:1      | Learned a level 2 spell: Searing Ray
  1161 | D:1      | Gained mutation: You are partially covered in yellow
                  | scales. (AC +2) [demonic ancestry]
  1161 | D:1      | Reached XP level 3. HP: 25/25 MP: 6/6
  1594 | D:1      | Learned a level 3 spell: Dazzling Flash
  1668 | D:2      | Reached skill level 1 in Fighting
  2445 | D:3      | Reached XP level 4. HP: 21/32 MP: 1/7
  2786 | D:3      | Noticed Sigmund
  2795 | D:3      | Killed Sigmund
  2796 | D:3      | Reached skill level 1 in Hexes
  2796 | D:3      | Gained mutation: You may rarely emit foul miasma when
                  | damaged in melee. [demonic ancestry]
  2796 | D:3      | Reached XP level 5. HP: 28/38 MP: 5/9
  3073 | D:3      | Gained mutation: You are partially covered in sharp spines.
                  | [demonic ancestry]
  3073 | D:3      | Reached XP level 6. HP: 44/44 MP: 6/10
  3965 | D:3      | Found a radiant altar of Vehumet.
  3991 | D:3      | Reached skill level 5 in Conjurations
  4301 | D:3      | Gained mutation: You are mostly covered in yellow scales.
                  | (AC +3) [demonic ancestry]
  4301 | D:3      | Reached XP level 7. HP: 48/51 MP: 8/12
  5590 | D:4      | Found a sacrificial altar of Ru.
  6230 | D:5      | Entered Level 5 of the Dungeon
  6236 | D:5      | Found a staircase to the Ecumenical Temple.
  6243 | Temple   | Entered the Ecumenical Temple
  7130 | D:5      | Reached XP level 8. HP: 56/58 MP: 7/14
  7438 | D:5      | Found a shimmering blue altar of Sif Muna.
  7523 | D:5      | Reached skill level 6 in Conjurations
  8265 | D:6      | Noticed a troll
  8276 | D:6      | Killed a troll
  8277 | D:6      | Reached skill level 5 in Stealth
  8424 | D:6      | Found a shimmering altar of Xom.
  8470 | D:6      | Found a runed translucent gate.
  8471 | D:6      | Found a runed translucent gate.
  8472 | D:6      | Found a runed translucent gate.
  8483 | D:6      | Gained mutation: Your touch may inflict irresistible damage
                  | on your foes. [demonic ancestry]
  8483 | D:6      | Reached XP level 9. HP: 60/66 MP: 9/16
  8537 | D:6      | Noticed Barsook's ghost (novice DsFi)
  8581 | D:6      | Learned a level 4 spell: Iskenderun's Mystic Blast
  8594 | D:6      | Learned a level 3 spell: Vampiric Draining
  8599 | D:6      | Learned a level 4 spell: Fulminant Prism
  8624 | D:6      | Noticed Eustachio
  8639 | D:6      | Killed Eustachio
  8828 | D:6      | Found a shimmering altar of Xom.
  8830 | D:6      | Found a shimmering altar of Xom.
  9040 | D:6      | Reached skill level 5 in Spellcasting
  9190 | D:7      | Reached skill level 1 in Translocations
  9277 | D:7      | Reached skill level 5 in Dodging
  9622 | D:7      | Reached skill level 5 in Fighting
  9639 | D:7      | Reached skill level 5 in Hexes
  9684 | D:7      | Reached skill level 7 in Conjurations
 10458 | D:7      | Gained mutation: Your touch may irresistibly damage your
                  | foes and sap their willpower. [demonic ancestry]
 10458 | D:7      | Reached XP level 10. HP: 63/76 MP: 4/18
 10567 | D:7      | Found a basalt altar of Yredelemnul.
 11694 | D:8      | Noticed a two-headed ogre
 11703 | D:8      | HP: 3/76 [two-headed ogre/+0 giant club (17)]
 11746 | D:8      | Slain by a two-headed ogre

Illustrated notes

Levels and vault maps discovered:
D:1:      heliophobic_arrival_battle_scene, layout_loops_corners,
          minmay_lizard_pond
D:2:      layout_basic
D:3:      lemuel_castle_with_subvaults [lemuel_castle_interior_carwin_3],
          layout_basic, vehumet_altar_wand_db,
          mainiacjoe_overflow_small_starburst, kennysheep_another_room,
          cheibrodos_gnoll_hut, uniq_sigmund
D:4:      layout_loops_ring, hangedman_ru_absence, serial_rivers,
          chequers_serial_rivers_marsh, chequers_serial_rivers_room_b,
          chequers_serial_rivers_small_a, chequers_serial_rivers_large_b,
          chequers_serial_rivers_small_b, st_stairs_6
D:5:      nicolae_cairo_tiling_very_big, layout_rooms, tgw_sif,
          minmay_temple_entry_trees, chequers_serial_rivers_small_3,
          kennysheep_generic_room_14
D:6:      layout_basic, xom_redecorated, gammafunk_ghost_necromancy,
          uniq_eustachio
D:7:      layout_loops_corners, yredelemnul_forgotten_temple_becter,
          mainiacjoe_overflow_concentric_impassable
D:8:      nzn_winding_woodlands_three_and_one
          [nzn_winding_woodlands_5x15_lazy_stream,
          nzn_winding_woodlands_5x15_sidewinder,
          nzn_winding_woodlands_5x15_longhouse,
          nzn_winding_woodlands_center_lodge], layout_loops_cross,
          mainiacjoe_overflow_boulevard, minmay_misc_feat_tiny,
          amcnicky_mini_corridor_feature
Temple:   nicolae_temple_bog_church

Skill      XL: |  1  2  3  4  5  6  7  8  9 10 |
---------------+-------------------------------+-----
Stealth        | 2 3 4 5 6 |  6.2
Dodging        | 2 3 4 5 |  5.7
Fighting       | 1 2 3 4 5 |  5.9
Spellcasting   | 3 4 5 |  5.9
Hexes          | 1 2 3 4 5 |  5.0
Conjurations   | 5 6 7 |  7.3
Translocations | 2 3 |  3.0

Action                   |  1- 3 |  4- 6 |  7- 9 | 10-12 || total
-------------------------+-------+-------+-------+-------++-------
Melee: Unarmed           |    10 |       |       |       ||    10
       Whip              |    11 |       |       |       ||    11
       Touch             |     6 |     1 |    23 |     4 ||    34
       Dagger            |    14 |       |     1 |    11 ||    26
       Staff             |    13 |     9 |   137 |     4 ||   163
       Punch             |     1 |       |       |     2 ||     3
 Cast: Magic Dart        |    37 |    40 |    29 |       ||   106
       Searing Ray       |    14 |    23 |    56 |    11 ||   104
       Dazzling Flash    |       |     1 |    24 |     6 ||    31
  Use: Potion            |     1 |     1 |     4 |     2 ||     8
       Scroll            |     8 |     1 |     3 |     3 ||    15
 Stab: Sleeping          |     7 |       |     3 |     1 ||    11
       Invisible         |       |     1 |     8 |     1 ||    10
Armor: Robe              |    15 |       |       |       ||    15
       Leather armour    |     1 |    13 |    70 |       ||    84
       Troll leather arm |       |       |    39 |     6 ||    45
Dodge: Dodged            |    47 |    26 |   191 |    25 ||   289
